 Dungeon Crawl Stone Soup version 0.24-a0-251-g44e327e (webtiles) character file.

Game seed: 1674785083892476399

7364 Borgoz the Slicer (level 11, -2/68 HPs)
             Began as a Gargoyle Fighter on Apr 16, 2019.
             Killed from afar by an oklob plant (4 damage)
             ... with a splash of acid
             ... on level 10 of the Dungeon.
             The game lasted 00:18:12 (9797 turns).

Borgoz the Slicer (Gargoyle Fighter)                Turns: 9797, Time: 00:18:13

Health: -2/68      AC:  5    Str: 25    XL:     11   Next: 14%
Magic:  11/11      EV: 14    Int:  9    God:
Gold:   619        SH:  0    Dex: 12    Spells: 10/10 levels left

rFire    + . .     SeeInvis .   e - +3 dagger (venom)
rCold    + . .     Gourm    .   (no shield)
rNeg     + . .     Faith    .   b - +1 scale mail
rPois    ∞         Spirit   .   (no helmet)
rElec    +         Reflect  .   (no cloak)
rCorr    .         Harm     .   (no gloves)
MR       .....                  (no boots)
Stlth    ..........             z - amulet of regeneration
HPRegen  0.61/turn              g - ring of protection from fire
MPRegen  0.12/turn              o - ring of protection from cold

@: mighty, corroded, hasted, very quick
A: negative energy resistance 1, electricity resistance, unbreathing,
petrification resistance, rot immunity, AC +8
a: no special abilities


You were on level 10 of the Dungeon.
You were not hungry.

You visited 2 branches of the dungeon, and saw 11 of its levels.

You collected 619 gold pieces.

Inventory:

Hand Weapons
 a - a +0 rapier
 e - a +3 dagger of venom (weapon)
Armour
 b - a +1 scale mail (worn)
Jewellery
 g - a ring of protection from fire (left hand)
 i - an uncursed ring of positive energy
 o - a ring of protection from cold (right hand)
 t - an uncursed ring of positive energy
 z - an amulet of regeneration (around neck)
Wands
 l - a wand of acid (9)
 n - a wand of polymorph (9)
 p - a wand of paralysis (8)
 q - a wand of random effects (13)
 A - a wand of flame (19)
 B - a wand of digging (11)
Scrolls
 c - 8 scrolls of remove curse
 d - a scroll of amnesia
 j - 3 scrolls of identify
 k - a scroll of enchant weapon
 v - 6 scrolls of teleportation
 x - a scroll of fear
 y - a scroll of enchant armour
Potions
 h - a potion of haste
 r - a potion of magic
 s - a potion of cancellation
 u - a potion of invisibility {unknown}
 C - 2 potions of curing
Comestibles
 f - 21 rations
 m - 16 chunks of flesh


   Skills:
 + Level 8.2 Fighting
 * Level 9.2 Short Blades
 + Level 8.4 Armour
 * Level 8.0 Dodging
 - Level 0.2 Stealth
   Level 3.3 Shields


You had 10 spell levels left.
You didn't know any spells.
Your spell library was empty.

Dungeon Overview and Level Annotations

Branches:
Dungeon (10/15)            Temple (1/1) D:4            Lair (0/6) D:10
    Orc: D:9-12

Altars:
Ashenzari
Cheibriados
Dithmenos
Elyvilon
Fedhas
Gozag
Hepliaklqana
Kikubaaqudgha
Makhleb
Nemelex Xobeh
Okawaru
Qazlal
Ru
Sif Muna
Trog
Uskayaw
Vehumet
Wu Jian
Xom
Yredelemnul
Zin
The Shining One

Annotations:
D:3 3 runed translucent doors, TheOvate's ghost, amateur DEWz
D:7 1 runed translucent door, suvakkihuora's ghost, novice HaFi
D:8 1 runed translucent door, Cynry's ghost, novice FoAM
D:10 exclusion: 3 oklob plants


Innate Abilities, Weirdness & Mutations

You are resistant to torment.
Your stone body is resilient. (AC +8)
You are immune to poison.
You resist negative energy. (rN+)
You are resistant to electric shocks. (rElec)
You can survive without breathing.
You are immune to petrification.
You are immune to rotting.


Message History

The splash of acid hits you! The acid corrodes you!
You are splashed with acid!
You hit the oklob plant.
The oklob plant is moderately damaged.
You hit the oklob plant.
The oklob plant is moderately damaged.
The oklob plant spits acid at you. The splash of acid hits you!
* * * LOW HITPOINT WARNING * * *
The acid corrodes you!
You are splashed with acid!
* * * LOW HITPOINT WARNING * * *
Unknown command.
Unknown command.
Unknown command.
Okay, then.
Okay, then.
You feel yourself speed up.
The centaur skeleton hits the plant but does no damage.
The oklob plant spits acid at you. The splash of acid hits you.
You die...

......##...##.......÷.
###.....................
.........##.........§§...
..........#.........≈≈≈(.
..............##...≈.§≈§§
..............##...≈≈.≈§≈
..............##....≈≈>.≈
..PPP.........###...≈≈≈≈≈
.PPPPP..@.)....##...≈§§§≈
PP..PP........## ...≈ ≈≈
P>..."PP.....## ..
PPP(P}P......# ##
..PPPPP......# # ..P
Z........# .. ..........#
. ....?.....##
...........#


You could see 3 oklob plants and a centaur skeleton.

Vanquished Creatures
  A fire dragon (D:10)
  Pikel (D:7)
  Grinder (D:4)
  2 hippogriffs
  A spriggan (D:7)
  A wraith (D:10)
  4 yaks
  A hungry ghost (D:9)
  Menkaure (D:4)
  3 ice beasts
  A floating eye (D:10)
  A black bear (D:9)
  4 slaves (D:7)
  2 orc warriors
  A necrophage (D:6)
  7 phantoms
  A sky beast (D:9)
  6 centaurs
  2 ogres (D:6)
  A crocodile (D:9)
  A big kobold (D:9)
  7 bullfrogs
  A wyvern zombie (D:7)
  5 scorpions
  4 wights (D:6)
  5 crimson imps
  A quasit (D:9)
  A bullfrog zombie (D:7)
  6 orc priests
  A jelly (D:8)
  7 orc wizards
  A bullfrog skeleton (D:6)
  3 hounds
  A centaur skeleton (D:9)
  Jessica (D:2)
  5 iguanas
  Ijyb (D:3)
  3 worker ants
  A hound skeleton (D:5)
  Robin (D:2)
  A howler monkey zombie (D:6)
  7 gnolls
  8 adders
  2 shadow imps
  An ooze (D:2)
  4 adder skeletons
  2 adder zombies
  2 worms
  A dart slug (D:4)
  8 leopard geckos
  42 orcs
  A bat zombie (D:1)
  7 hobgoblins
  11 jackals
  8 quokkas
  4 bats
  3 frilled lizards
  18 goblins
  2 jackal skeletons
  9 kobolds
  3 rats
242 creatures vanquished.

Vanquished Creatures (others)
  An orc wizard (D:9)
1 creature vanquished.

Grand Total: 243 creatures vanquished

Notes
Turn   | Place    | Note
-------+----------+-------------------------------------------
     0 | D:1      | Borgoz the Gargoyle Fighter began the quest for the Orb.
     0 | D:1      | Reached XP level 1. HP: 14/14 MP: 1/1
    99 | D:1      | Reached skill level 2 in Short Blades
    99 | D:1      | Reached XP level 2. HP: 14/19 MP: 2/2
   857 | D:2      | Reached XP level 3. HP: 24/24 MP: 3/3
  1094 | D:2      | Reached XP level 4. HP: 15/29 MP: 4/4
  1112 | D:2      | Reached skill level 1 in Dodging
  1624 | D:3      | Noticed Robin
  1624 | D:3      | Noticed Jessica
  1784 | D:2      | Reached skill level 3 in Short Blades
  1784 | D:2      | Reached XP level 5. HP: 21/33 MP: 5/5
  1918 | D:2      | Killed Robin
  1922 | D:2      | Killed Jessica
  2218 | D:3      | Found a runed translucent gate.
  2218 | D:3      | Found a runed translucent gate.
  2218 | D:3      | Found a runed translucent gate.
  2218 | D:3      | Noticed TheOvate's ghost (amateur DEWz)
  2249 | D:3      | Found an opulent altar of Gozag.
  2308 | D:3      | Found an ancient bone altar of Kikubaaqudgha.
  2321 | D:3      | Noticed Ijyb
  2342 | D:3      | Killed Ijyb
  2342 | D:3      | Reached XP level 6. HP: 34/39 MP: 6/6
  2570 | D:4      | Noticed Grinder
  2609 | D:4      | Paralysed by Grinder for 5 turns
  2645 | D:4      | Killed Grinder
  2645 | D:4      | Reached skill level 4 in Short Blades
  2645 | D:4      | Reached XP level 7. HP: 35/44 MP: 7/7
  2837 | D:4      | Reached skill level 5 in Armour
  3022 | D:4      | Reached skill level 5 in Fighting
  3027 | D:4      | Found a staircase to the Ecumenical Temple.
  3038 | Temple   | Entered the Ecumenical Temple
  3277 | D:4      | Noticed Menkaure
  3304 | D:4      | Killed Menkaure
  3508 | D:4      | Found an ornate altar of the Wu Jian Council.
  3508 | D:4      | Found a faded altar of an unknown god.
  3515 | D:4      | Found a burning altar of Makhleb.
  3517 | D:4      | Found a basalt altar of Yredelemnul.
  3518 | D:4      | Found a faded altar of an unknown god.
  3582 | D:5      | Entered Level 5 of the Dungeon
  3617 | D:5      | Reached XP level 8. HP: 49/49 MP: 8/8
  3790 | D:5      | Reached skill level 5 in Short Blades
  4794 | D:6      | Reached skill level 6 in Short Blades
  5025 | D:6      | Reached XP level 9. HP: 55/55 MP: 9/9
  5059 | D:6      | Reached skill level 5 in Dodging
  5536 | D:6      | Found a glowing golden altar of the Shining One.
  6160 | D:7      | Found a runed translucent door.
  6161 | D:7      | Noticed suvakkihuora's ghost (novice HaFi)
  6293 | D:7      | Reached skill level 7 in Short Blades
  6472 | D:7      | Noticed Pikel
  6654 | D:7      | Killed Pikel
  6690 | D:7      | Found a blossoming altar of Fedhas.
  6947 | D:8      | Reached XP level 10. HP: 61/61 MP: 10/10
  7246 | D:8      | Found a runed translucent door.
  7246 | D:8      | Found a shimmering altar of Xom.
  7246 | D:8      | Noticed a +1 war axe of chaos
  7246 | D:8      | Noticed Cynry's ghost (novice FoAM)
  7270 | D:8      | Found a deep blue altar of Sif Muna.
  7721 | D:8      | Found a shimmering altar of Xom.
  7722 | D:8      | Found a hazy altar of Hepliaklqana.
  7723 | D:8      | Noticed a spectral ugly thing
  7980 | D:9      | Reached skill level 8 in Short Blades
  9119 | D:10     | Entered Level 10 of the Dungeon
  9433 | D:10     | Noticed a fire dragon
  9434 | D:10     | Found a staircase to the Lair.
  9482 | D:10     | Killed a fire dragon
  9482 | D:10     | Reached skill level 9 in Short Blades
  9482 | D:10     | Reached XP level 11. HP: 9/68 MP: 11/11
  9759 | D:10     | Paralysed by a floating eye for 3 turns
  9782 | D:10     | Noticed an oklob plant
  9784 | D:10     | Noticed an oklob plant
  9787 | D:10     | Noticed an oklob plant
  9795 | D:10     | HP: 1/68 [acid (11)]
  9797 | D:10     | Killed from afar by an oklob plant

Levels and vault maps discovered:
D:1:      saegor_arrival_fortress, layout_basic, minmay_misc_feat_encased
D:2:      layout_basic, first_ration, grunt_ministairs_9
D:3:      layout_rooms, kiku_gazebo_garden_becter, gammafunk_ghost_necromancy,
          grunt_gozag_breadcrumbs, uniq_ijyb, uniq_robin, uniq_jessica
D:4:      layout_rooms, chequers_temple_overflow_minitemple,
          minmay_temple_entry_sparse_star, uniq_grinder, uniq_menkaure
D:5:      layout_rooms
D:6:      wad_crossroads, layout_loops_ring, nicolae_overflow_hidden_temple
D:7:      layout_basic, ebering_ghost_reflecting_pool, the_bakery,
          fedhas_altar_4, uniq_pikel
D:8:      layout_loops_ring, regret_index_temple_of_mockery, basic_altar,
          ebering_ghost_xom, palyth_stone_intersect, minmay_misc_feat_iff,
          minivault_27
D:9:      layout_basic
D:10:     layout_gridville, minmay_lair_entry_lava, disabler_island
Temple:   minmay_freezing_vapour_temple

Skill      XL: |  1  2  3  4  5  6  7  8  9 10 11 |
---------------+----------------------------------+-----
Short Blades   | 2 3 4 6 7 9 |  9.2
Armour         | 4 5 6 7 8 |  8.4
Dodging        | 1 2 3 4 6 7 8 |  8.0
Fighting       | 4 5 6 8 |  8.2
Stealth        | |  0.2
Shields        | |  3.3

Action                   |  1- 3 |  4- 6 |  7- 9 | 10-12 || total
-------------------------+-------+-------+-------+-------++-------
Melee: Rapier            |   121 |   230 |    77 |       ||   428
       Dagger            |       |       |   668 |   632 ||  1300
Evoke: Wand              |       |       |       |     3 ||     3
  Use: Potion            |       |     3 |     6 |     4 ||    13
       Scroll            |       |       |    13 |     3 ||    16
 Stab: Paralysed         |       |       |       |     2 ||     2
  Eat: Chunk             |     1 |     5 |    10 |    14 ||    30
       Ration            |       |       |     1 |     1 ||     2
Armor: Scale mail        |    61 |   141 |   239 |   243 ||   684
       Skin              |       |       |    19 |       ||    19
Dodge: Dodged            |    61 |   117 |   285 |   320 ||   783
Block: Shield            |     5 |       |       |       ||     5

Table legend:
 A = Non-vault XP
 B = Vault XP
 C = Vault XP percentage of total XP
 D = Non-vault monster count
 E = Vault monster count
 F = Vault count percentage of total count
                 A         B        C        D         E       F
            +---------+---------+-------+---------+---------+-------
      Total |    7904 |    2616 |  24.9 |     212 |      27 |  11.3
            +---------+---------+-------+---------+---------+-------
        D:1 |      19 |       7 |  26.9 |      13 |       2 |  13.3
        D:2 |     174 |      75 |  30.1 |      31 |      14 |  31.1
        D:3 |      76 |      38 |  33.3 |      11 |       2 |  15.4
        D:4 |     356 |     444 |  55.5 |      21 |       2 |   8.7
        D:5 |     198 |       0 |   0.0 |       5 |       0 |   0.0
        D:6 |    1632 |      39 |   2.3 |      34 |       3 |   8.1
        D:7 |     708 |     837 |  54.2 |      19 |       2 |   9.5
        D:8 |    1073 |       0 |   0.0 |      24 |       0 |   0.0
        D:9 |    2201 |       0 |   0.0 |      40 |       0 |   0.0
       D:10 |    1467 |    1176 |  44.5 |      14 |       2 |  12.5
            +---------+---------+-------+---------+---------+-------
